 Seeded DCSS version 0.30.1-11-g7821555f0a (webtiles) character file.

Game seed: 5 (custom seed)

2909 Kazon the Cleaver (level 9, -2/71 HPs)
             Began as a Gnoll Reaver on Dec 14, 2023.
             Was a Priest of Makhleb.
             Slain by a two-headed ogre
             ... wielding a +0 giant spiked club
              (19 damage)
             ... on level 7 of the Dungeon on Dec 15, 2023.
             The game lasted 00:28:09 (4791 turns).

Kazon the Cleaver (Gnoll Reaver)                    Turns: 4791, Time: 00:28:09

Health: -2/71      AC:  8    Str: 19    XL:     9   Next: 78%
Magic:  28/28      EV: 10    Int:  8    God:    Makhleb [***...]
Gold:   339        SH: 14    Dex: 16    Spells: 16/22 levels left

rFire   . . .        v - +0 hand axe (vamp)
rCold   . . .        c - +0 tower shield
rNeg    . . .        G - +0 scale mail
rPois   .            h - +0 helmet
rElec   +            (no cloak)
rCorr   .            (no gloves)
SInv    .            (no boots)
Will    .....        g - amulet of Midsummer {RegenMP rElec Regen+ Str+3 Int-5}
Stlth   ++           u - ring of magical power
HPRegen 1.11/turn    B - +6 ring of dexterity
MPRegen 0.61/turn

%: no passive effects
@: no status effects
A: fangs 1, strong nose, distributed training
a: Renounce Religion, Minor Destruction, Lesser Servant of Makhleb


You were on level 7 of the Dungeon.
You worshipped Makhleb.
Makhleb was most pleased with you.
You visited 2 branches of the dungeon, and saw 8 of its levels.
You also visited: Ossuary.

You collected 339 gold pieces.

Inventory:

Hand Weapons
 a - a +0 hand axe
 e - a +2 vampiric dagger
 f - a +0 hand axe of flaming
 v - a +0 vampiric hand axe (weapon)
Missiles
 d - 8 stones
 i - 11 boomerangs (quivered)
 q - 11 poisoned darts
Armour
 c - a +0 tower shield (worn)
 h - a +0 helmet (worn)
 G - a +0 scale mail (worn)
Jewellery
 g - the amulet of Midsummer (around neck) {RegenMP rElec Regen+ Str+3 Int-5}
   (You acquired it on level 1 of the Dungeon)

   [amulet of magic regeneration]

   It increases your rate of magic regeneration.
   Str:       It affects your strength (+3).
   Int:       It affects your intelligence (-5).
   rElec:     It insulates you from electricity.
   Regen:     It increases your rate of health regeneration.
 u - a ring of magical power (left hand)
 B - a +6 ring of dexterity (right hand)
Wands
 y - a wand of paralysis (8)
Scrolls
 b - a scroll of enchant armour {unknown}
 k - 5 scrolls of identify {unknown}
 n - 2 scrolls of magic mapping {unknown}
 p - a scroll of blinking {unknown}
 s - 2 scrolls of summoning {unknown}
 t - a scroll of teleportation
 w - a scroll of amnesia {unknown}
 z - a scroll of torment {unknown}
 E - a scroll of poison {unknown}
 F - a scroll of fog {unknown}
 J - 2 scrolls of fear {unknown}
 K - a scroll of enchant weapon {unknown}
Potions
 j - 3 potions of curing
 l - 5 potions of flight {unknown}
 m - 2 potions of magic {unknown}
 o - 2 potions of berserk rage {unknown}
 r - 2 potions of invisibility {unknown}
 x - a potion of resistance {unknown}
 A - 3 potions of heal wounds
 C - a potion of lignification {unknown}
 D - 4 potions of attraction {unknown}
 H - a potion of haste {unknown}
 I - 2 potions of brilliance {unknown}


   Skills:
 + Level 6.7 Fighting
 + Level 4.7 Short Blades
 + Level 4.7 Long Blades
 + Level 8.2 Axes
 + Level 4.7 Maces & Flails
 + Level 4.7 Polearms
 + Level 4.7 Staves
 + Level 4.7 Ranged Weapons
 + Level 4.7 Throwing
 + Level 4.7 Armour
 + Level 6.7 Dodging
 + Level 4.7 Stealth
 + Level 4.7 Shields
 + Level 4.7 Unarmed Combat
 + Level 7.0 Spellcasting
 + Level 6.8 Conjurations
 + Level 3.9 Hexes
 + Level 3.9 Summonings
 + Level 3.9 Necromancy
 + Level 3.9 Translocations
 + Level 3.9 Transmutations
 + Level 3.9 Fire Magic
 + Level 3.9 Ice Magic
 + Level 3.9 Air Magic
 + Level 3.9 Earth Magic
 + Level 3.9 Poison Magic
 + Level 5.2 Invocations
 + Level 4.7 Evocations


You had 16 spell levels left.
You knew the following spells:

 Your Spells              Type           Power      Damage    Failure   Level
a - Kiss of Death         Conj/Necr      44%        2d8       45%         1
b - Momentum Strike       Conj/Tloc      22%        3d8       58%         2
c - Hailstorm             Conj/Ice       11%        3d5       83%         3

Your spell library contained the following spells:

 Spells                   Type           Power      Damage    Failure   Level
 Frozen Ramparts          Ice            18%        1d3       95%         3
 Ignite Poison            Fire/Tmut/Pois 9%         N/A       95%         3
 Sticky Flame             Conj/Fire      11%        2d3       99%         4
 Ice Form                 Ice/Tmut       9%         N/A       100%        4
 Summon Ice Beast         Ice/Summ       9%         N/A       100%        4
 Summon Forest            Summ/Tloc      4%         N/A       100%        5
 Eringya's Noxious Bog    Tmut/Pois      4%         N/A       100%        6
 Summon Hydra             Summ           4%         N/A       100%        7
 Ignition                 Fire           4%         3d4       100%        8


Dungeon Overview and Level Annotations

Branches:
Dungeon (7/15)             Temple (1/1) D:4         Ossuary (visited)

Altars:
Dithmenos
Fedhas
Gozag
Hepliaklqana
Makhleb
Qazlal
Wu Jian
Xom
The Shining One


Innate Abilities, Weirdness & Mutations

You have very sharp teeth.
Your uncanny sense of smell can sniff out nearby items.
Your experience applies equally to all skills.


Message History

The kobold is moderately wounded.
You block the kobold's attack.
You hit the kobold.
You feel better.
The kobold is severely wounded.
You block the kobold's attack.
You hit the kobold but do no damage. Your bite misses the kobold.
The kobold is severely wounded.
The kobold hits you but does no damage.
You hit the kobold.
You kill the kobold!
Makhleb accepts your kill.
Found a stone staircase leading down.
q - 11 poisoned darts (gained 6);
d - 8 stones (gained 7)
Items here: ))))))) †††††.
J - 2 scrolls labelled ANISOD OGIKHLA (gained 1)
Found 18 gold pieces.
You now have 339 gold pieces (gained 18).
A two-headed ogre comes into view.
It is wielding a +0 giant spiked club and a +0 giant club.
Found a stone staircase leading up.
Found 13 gold pieces.
The two-headed ogre hits you with a +0 giant spiked club!
The two-headed ogre hits you with a +0 giant club!
A demon appears!
You hit the two-headed ogre.
You feel better.
You bite the two-headed ogre, but do no damage.
The two-headed ogre is lightly wounded.
The two-headed ogre hits you with a +0 giant spiked club!
The two-headed ogre hits you with a +0 giant club!!
* * * LOW HITPOINT WARNING * * *
Your ynoxinul hits the two-headed ogre. You hit the two-headed ogre.
The two-headed ogre is moderately wounded.
Your ynoxinul gestures.
You block the two-headed ogre's attack. The two-headed ogre closely misses you.
You hit the two-headed ogre but do no damage.
You bite the two-headed ogre, but do no damage.
The two-headed ogre is moderately wounded.
Your ynoxinul barely misses the two-headed ogre.
The two-headed ogre hits you with a +0 giant spiked club!!
You die...

### ..# #.##.# #.##5#
#.##5# #.##3# ∆
#.##O# #####.##@#
#####.....##.######
#...................
...###.######.#.####.
#.# #.#.# #.# ... # #
# #.# .... #. #
####.# ....# #.# #
#....# .$<..# ..# #


You could see a two-headed ogre (ally target), a friendly ynoxinul (summoned)
and 2 friendly ufetubi.

Vanquished Creatures
  Sigmund (D:4)
  Duvessa (D:6)
  A water moccasin (D:6)
  A sky beast (D:7)
  2 black bears (D:4)
  2 centaurs
  An ogre (D:5)
  An elf zombie (Ossuary)
  A kobold brigand (D:7)
  2 scorpions
  10 wights (D:7)
  A killer bee (D:7)
  Dowan (D:6)
  A howler monkey (D:5)
  A vampire bat (D:7)
  5 hounds
  A centaur zombie (Ossuary)
  3 orc priests (D:6)
  3 human zombies (Ossuary)
  A jelly (D:5)
  6 iguanas
  4 orc wizards (D:6)
  4 ogre zombies (Ossuary)
  7 mummies (Ossuary)
  4 gnolls (D:5)
  9 adders
  A white imp (D:7)
  2 ufetubi
  A worm zombie (D:7)
  2 adder zombies (Ossuary)
  3 worms
  15 orcs
  12 bats
  9 endoplasms
  A giant cockroach (D:1)
  12 goblins
  7 hobgoblins
  11 jackals
  10 kobolds
  3 quokkas (D:4)
  6 ball pythons
  3 frilled lizards
  4 goblin zombies (Ossuary)
  6 hobgoblin zombies
  3 kobold zombies
  4 quokka zombies (Ossuary)
  4 rats
  4 rat zombies (Ossuary)
197 creatures vanquished.

Notes
Turn   | Place    | Note
-------+----------+-------------------------------------------
     0 | D:1      | Kazon the Gnoll Reaver began the quest for the Orb.
     0 | D:1      | Reached XP level 1. HP: 20/20 MP: 6/6
    44 | D:1      | Identified a scroll of acquirement
    44 | D:1      | Acquired the amulet of Midsummer {RegenMP rElec Regen+
                  | Str+3 Int-5}
    65 | D:1      | Reached XP level 2. HP: 23/25 MP: 7/7
   298 | D:1      | Reached skill level 5 in Spellcasting
   298 | D:1      | Reached XP level 3. HP: 28/29 MP: 7/9
   640 | D:1      | Learned a level 2 spell: Momentum Strike
   644 | D:1      | Learned a level 3 spell: Hailstorm
   874 | D:2      | Reached skill level 1 in Invocations
   881 | D:2      | Reached skill level 1 in Short Blades
   881 | D:2      | Reached skill level 1 in Long Blades
   881 | D:2      | Reached skill level 1 in Maces & Flails
   881 | D:2      | Reached skill level 1 in Polearms
   881 | D:2      | Reached skill level 1 in Staves
   881 | D:2      | Reached skill level 1 in Ranged Weapons
   881 | D:2      | Reached skill level 1 in Throwing
   881 | D:2      | Reached skill level 1 in Armour
   881 | D:2      | Reached skill level 1 in Stealth
   881 | D:2      | Reached skill level 1 in Shields
   881 | D:2      | Reached skill level 1 in Unarmed Combat
   881 | D:2      | Reached skill level 1 in Evocations
  1058 | D:2      | Reached XP level 4. HP: 31/38 MP: 11/11
  1198 | D:2      | Reached skill level 1 in Hexes
  1198 | D:2      | Reached skill level 1 in Summonings
  1198 | D:2      | Reached skill level 1 in Necromancy
  1198 | D:2      | Reached skill level 1 in Translocations
  1198 | D:2      | Reached skill level 1 in Transmutations
  1198 | D:2      | Reached skill level 1 in Fire Magic
  1198 | D:2      | Reached skill level 1 in Ice Magic
  1198 | D:2      | Reached skill level 1 in Air Magic
  1198 | D:2      | Reached skill level 1 in Earth Magic
  1198 | D:2      | Reached skill level 1 in Poison Magic
  1668 | D:3      | Identified the +2 sling "Qeuhanocyt" {speed, rElec Str-3
                  | Dex+2}
  1700 | D:3      | Found a stormy altar of Qazlal.
  1826 | D:3      | Found a blossoming altar of Fedhas.
  1842 | D:3      | Reached XP level 5. HP: 43/43 MP: 12/12
  1965 | D:3      | Found a faded altar of an unknown god.
  2087 | D:4      | Found a staircase to the Ecumenical Temple.
  2095 | Temple   | Entered the Ecumenical Temple
  2111 | Temple   | Became a worshipper of Makhleb the Destroyer
  2178 | D:4      | Noticed a black bear
  2200 | D:4      | Killed a black bear
  2201 | D:4      | Reached XP level 6. HP: 29/50 MP: 13/13
  2212 | D:4      | Found a hazy altar of Hepliaklqana.
  2214 | D:4      | Found a shadowy altar of Dithmenos.
  2215 | D:4      | Noticed a shadow
  2249 | D:4      | Noticed Sigmund
  2274 | D:4      | Killed Sigmund
  2275 | D:4      | Reached skill level 5 in Fighting
  2275 | D:4      | Reached skill level 5 in Dodging
  2369 | D:4      | Reached skill level 7 in Axes
  2369 | D:4      | Reached XP level 7. HP: 40/51 MP: 15/15
  2896 | D:5      | Entered Level 5 of the Dungeon
  3080 | D:5      | Reached * piety under Makhleb
  3093 | D:5      | Reached XP level 8. HP: 18/63 MP: 16/16
  3386 | D:6      | Noticed Dowan
  3387 | D:6      | Noticed Duvessa
  3397 | D:6      | Killed Duvessa
  3408 | D:6      | Killed Dowan
  3589 | D:6      | Found a shimmering altar of Xom.
  3923 | D:7      | Reached XP level 9. HP: 68/69 MP: 18/18
  3991 | D:7      | HP: 3/69 [killer bee (8)]
  4029 | D:7      | HP: 2/68 [wight/+4 trident (10)]
  4095 | D:7      | Reached ** piety under Makhleb
  4201 | D:7      | Found a sand-covered staircase.
  4216 | D:7      | Reached skill level 8 in Axes
  4239 | Ossuary  | Entered an ossuary
  4273 | Ossuary  | Reached skill level 5 in Invocations
  4451 | Ossuary  | Reached *** piety under Makhleb
  4785 | D:7      | Noticed a two-headed ogre
  4791 | D:7      | Slain by a two-headed ogre

Illustrated notes

Levels and vault maps discovered:
D:1:      ebering_trefoil_3fold, layout_basic, st_stairs_14, serial_bayou_ford_a
D:2:      layout_basic, hangedman_decor_growths, minmay_close_crescents
D:3:      layout_rooms, mainiacjoe_overflow_concentric_impassable,
          mainiacjoe_overflow_paths, shapermc_ecumenical_altar_acropolis,
          chequers_serial_rivers_micro_b
D:4:      layout_basic, riverfiend_overflow_shadow_ancestor,
          minmay_temple_entry_glass, uniq_sigmund
D:5:      layout_gridville
D:6:      layout_basic, xom_teletrap_fun, uniq_duvessa
D:7:      layout_loops_ring, enter_ossuary_3, roderic_batcave
Temple:   nicolae_temple_elliptical

Skill      XL: |  1  2  3  4  5  6  7  8  9 |
---------------+----------------------------+-----
Spellcasting   | 5 6 7 |  7.0
Invocations    | 1 2 3 4 5 |  5.2
Short Blades   | 1 2 3 4 |  4.7
Long Blades    | 1 2 3 4 |  4.7
Maces & Flails | 1 2 3 4 |  4.7
Polearms       | 1 2 3 4 |  4.7
Staves         | 1 2 3 4 |  4.7
Ranged Weapons | 1 2 3 4 |  4.7
Throwing       | 1 2 3 4 |  4.7
Armour         | 1 2 3 4 |  4.7
Stealth        | 1 2 3 4 |  4.7
Shields        | 1 2 3 4 |  4.7
Unarmed Combat | 1 2 3 4 |  4.7
Evocations     | 1 2 3 4 |  4.7
Hexes          | 1 2 3 |  3.9
Summonings     | 1 2 3 |  3.9
Necromancy     | 1 2 3 |  3.9
Translocations | 1 2 3 |  3.9
Transmutations | 1 2 3 |  3.9
Fire Magic     | 1 2 3 |  3.9
Ice Magic      | 1 2 3 |  3.9
Air Magic      | 1 2 3 |  3.9
Earth Magic    | 1 2 3 |  3.9
Poison Magic   | 1 2 3 |  3.9
Fighting       | 5 6 |  6.7
Dodging        | 5 6 |  6.7
Axes           | 7 8 |  8.2
Conjurations   | 6 |  6.8

Action                     |  1- 3 |  4- 6 |  7- 9 || total
---------------------------+-------+-------+-------++-------
  Melee: Hand axe          |   127 |   112 |   527 ||   766
         Bite              |    13 |    23 |    75 ||   111
         Dagger            |       |    67 |    62 ||   129
         Punch             |       |       |     6 ||     6
  Throw: Stone             |       |    14 |    32 ||    46
         Boomerang         |       |       |    40 ||    40
         Dart              |       |       |    12 ||    12
   Cast: Kiss of Death     |     2 |     2 |     1 ||     5
         Hailstorm         |       |     2 |       ||     2
         Momentum Strike   |       |     1 |       ||     1
 Invoke: Lesser Servant of |       |       |     1 ||     1
    Use: Scroll            |     2 |       |     1 ||     3
         Potion            |       |       |     3 ||     3
   Stab: Sleeping          |       |     4 |    10 ||    14
 Armour: Leather armour    |    36 |    39 |    59 ||   134
         Scale mail        |       |       |    72 ||    72
  Dodge: Dodged            |    48 |    70 |   236 ||   354
  Block: Tower shield      |    42 |    50 |   227 ||   319
